 Dungeon Crawl Stone Soup version 0.26-a0-597-gb535b0901c (webtiles) character file.

Game seed: 9435234395813097909

4571 Lugonue the Grappler (level 10, 0/46 HPs)
             Began as a Vine Stalker Transmuter on Sept 8, 2020.
             Was a Believer of Sif Muna.
             Slain by a centaur warrior (11 damage)
             ... on level 8 of the Dungeon.
             The game lasted 00:21:33 (7991 turns).

Lugonue the Grappler (Vine Stalker Transmuter)      Turns: 7991, Time: 00:21:33

Health: 0/46       AC:  2    Str: 15    XL:     10   Next: 41%
Magic:  0/20       EV: 24    Int: 15    God:    Sif Muna [**....]
Gold:   476        SH:  5    Dex: 19    Spells: 5/21 levels left

rFire    . . .     SeeInvis .     - Unarmed
rCold    + + .     Faith    .   (shield currently unavailable)
rNeg     . . .     Spirit   +   (armour currently unavailable)
rPois    x         Reflect  +   (helmet currently unavailable)
rElec    .         Harm     .   (cloak currently unavailable)
rCorr    .                      (gloves currently unavailable)
MR       +....                  (boots currently unavailable)
Stlth    ++++......             f - amulet of reflection
HPRegen  0.55/turn              u - ring of protection from cold
MPRegen  0.17/turn              p - ring of protection from cold

@: spider-form (expiring), lightly drained
A: tiny, regeneration 1, magic shield, no potion heal 3, rot immunity
a: End Transformation, Channel Magic, Renounce Religion


You were on level 8 of the Dungeon.
You worshipped Sif Muna.
Sif Muna was pleased with you.
You were a venomous arachnid creature.
You visited 1 branch of the dungeon, and saw 8 of its levels.

You collected 476 gold pieces.

Inventory:

Armour
 a - a +0 robe (melded)
 g - a cursed +0 kite shield
 k - a +0 pair of gloves (melded)
Magical Staves
 y - an uncursed staff of conjuration
Jewellery
 f - an amulet of reflection (around neck)
 n - an uncursed ring of protection from magic {unknown}
 p - a ring of protection from cold (right front leg)
 u - a ring of protection from cold (left front leg)
Wands
 b - a wand of paralysis (6)
 l - a wand of enslavement (6)
 q - a wand of random effects (22)
 v - a wand of acid (7)
 x - a wand of iceblast (5)
Scrolls
 c - 4 scrolls of enchant armour
 e - 2 scrolls of remove curse
 h - 4 scrolls of teleportation
 o - a scroll of magic mapping
 w - a scroll of identify
Potions
 d - 2 potions of haste
 i - a potion of brilliance {unknown}
 j - 4 potions of lignification
 m - a potion of magic
 r - a potion of cancellation {unknown}
 s - 3 potions of stabbing {unknown}
 t - 2 potions of ambrosia {unknown}


   Skills:
 + Level 2.1(1.6) Fighting
 * Level 5.6(5.0) Dodging
 * Level 7.4(6.8) Stealth
 + Level 0.5(0.0) Shields
 + Level 8.8(8.2) Unarmed Combat
 * Level 6.2(5.6) Spellcasting
 * Level 5.7(5.1) Transmutations
 + Level 2.7(2.2) Poison Magic
 * Level 0.7(0.2) Evocations


You had 5 spell levels left.
You knew the following spells:

 Your Spells              Type           Power        Failure   Level
a - Beastly Appendage     Tmut           ###...       8%          1
b - Mephitic Cloud        Conj/Pois/Air  #.......     56%         3
c - Spider Form           Tmut/Pois      ###.......   24%         3
d - Ice Form              Ice/Tmut       ##......     69%         4
e - Blade Hands           Tmut           ###.......   67%         5

Your spell library contained the following spells:

 Spells                   Type           Power        Failure   Level
 Wereblood                Tmut           ###.....     10%         2
 Sting                    Tmut/Pois      ###.         11%         1
 Poisonous Vapours        Pois/Air       #.....       32%         2
 Animate Skeleton         Necr           #.....       34%         1
 Apportation              Tloc           #.....       34%         1
 Corona                   Hex            #......      34%         1
 Summon Small Mammal      Summ           #...         34%         1
 Ignite Poison            Fire/Tmut/Pois ##......     36%         3
 Call Imp                 Summ           #.......     45%         2
 Call Canine Familiar     Summ           #.......     65%         3
 Confusing Touch          Hex            #.......     65%         3
 Gell's Gravitas          Tloc           #.........   65%         3
 Summon Guardian Golem    Hex/Summ       #.......     65%         3
 Petrify                  Tmut/Erth      ##......     69%         4
 Olgreb's Toxic Radiance  Pois           ##......     73%         4
 Summon Ice Beast         Ice/Summ       #.......     94%         4
 Summon Lightning Spire   Summ/Air       #.......     94%         4
 Yara's Violent Unravell  Hex/Tmut       ##........   94%         5
 Metabolic Englaciation   Hex/Ice        #.........   100%        5


Dungeon Overview and Level Annotations

Branches:
Dungeon (8/15)
 Temple: D:4-7         Lair: D:8-11

Altars:
Cheibriados
Dithmenos
Hepliaklqana
Nemelex Xobeh
Sif Muna
Trog
Wu Jian

Annotations:
D:3 3 runed translucent doors, viperstalker's ghost, amateur PaFi
D:8 exclusion: gargoyle


Innate Abilities, Weirdness & Mutations

((You have razor-sharp teeth.))
Your natural rate of healing is unusually fast.
When hurt, damage is shared between your health and your magic reserves.
((Your bite disrupts and absorbs the magic of your enemies.))
Potions cannot restore your health.
You are immune to rotting.


Message History

Evoke which item? (* to show all) (? for menu, Esc to quit)
Aiming: Corrosive Bolt
Press: ? - help, Shift-Dir - straight line, f/p - centaur warrior
Aim: a centaur warrior, quivering 40 arrows (moderately wounded, extremely poisoned)
The bolt of acid hits the centaur warrior!
The centaur warrior is splashed with acid.
The centaur warrior is heavily wounded.
You block the centaur warrior's attack.
Evoke which item? (* to show all) (? for menu, Esc to quit)
Aiming: Corrosive Bolt
Press: ? - help, Shift-Dir - straight line, f/p - centaur warrior
Aim: a centaur warrior, quivering 40 arrows (heavily wounded, extremely poisoned)
The bolt of acid hits the centaur warrior!
The centaur warrior is splashed with acid.
The acid corrodes the centaur warrior!
The centaur warrior is severely wounded.
The centaur warrior hits you.
* * * LOW HITPOINT WARNING * * *
The centaur warrior hits you!
You die...

##### #....# #.# #.(.### #....#
##.## # #.....# #....#
##...##### #...(.######....#
#.^⌠...... ###.......[......##
##...##### .##(†....[<[......##
##.##..##
..#<.)))#####.<....######......#
..#####).......#.#..##.......(.#
...............#s...#..##>.....#
####....####...c##....###......#
.##......##......#..### #......#
......#.......#...#.### ###.####
....####....####......# #(#
....####.(..####......# #(#
.....#.......#........# #.#
.##......##......#.c#### #.#
####....####....##.....## #.#


You could see a centaur warrior (extremely poisoned, corroded).

Vanquished Creatures
  Pikel (D:5)
  3 orc warriors
  A hornet (D:7)
  Grinder (D:5)
  A wyvern (D:8)
  Eustachio (D:5)
  4 centaurs
  3 ogres
  2 big kobolds (D:8)
  5 bullfrogs
  A scorpion (D:8)
  4 killer bees
  A howler monkey (D:7)
  6 wights (D:8)
  2 bullfrog zombies
  9 hounds
  2 jellies
  2 orc priests
  Jessica (D:6)
  A centaur skeleton (D:6)
  Natasha (thrice) (D:4)
  5 iguanas
  7 worker ants
  9 orc wizards
  A howler monkey skeleton (D:7)
  3 gnolls (D:6)
  8 adders
  A shadow imp (D:5)
  A white imp (D:5)
  An ufetubus (D:7)
  3 oozes
  2 adder zombies
  4 worms
  3 dart slugs
  5 leopard geckos
  23 orcs
  12 bats
  4 giant cockroaches
  13 goblins
  4 hobgoblins
  9 jackals
  5 quokkas
  2 ball pythons
  2 frilled lizards (D:2)
  A jackal skeleton (D:5)
  16 kobolds
  16 rats
214 creatures vanquished.

Vanquished Creatures (collateral kills)
  A howler monkey (D:6)
  2 orc priests (D:6)
  An orc wizard (D:6)
  An iguana (D:6)
  A worker ant (D:6)
6 creatures vanquished.

Grand Total: 220 creatures vanquished

Notes
Turn   | Place    | Note
-------+----------+-------------------------------------------
     0 | D:1      | Lugonue the Vine Stalker Transmuter began the quest for the
                  | Orb.
     0 | D:1      | Reached XP level 1. HP: 9/9 MP: 4/4
   171 | D:1      | Reached XP level 2. HP: 14/14 MP: 6/6
   286 | D:1      | Reached XP level 3. HP: 16/17 MP: 5/7
   882 | D:1      | Learned a level 2 spell: Wereblood
  1086 | D:2      | Gained mutation: Your natural rate of healing is unusually
                  | fast. [Vine Stalker growth]
  1086 | D:2      | Reached XP level 4. HP: 14/21 MP: 4/9
  1292 | D:2      | Reached skill level 4 in Unarmed Combat
  1477 | D:2      | Reached skill level 1 in Fighting
  1832 | D:2      | Reached skill level 1 in Stealth
  2170 | D:3      | Reached XP level 5. HP: 25/25 MP: 6/10
  2607 | D:3      | Noticed viperstalker's ghost (amateur PaFi)
  2608 | D:3      | Found a runed translucent gate.
  2609 | D:3      | Found a runed translucent gate.
  2610 | D:3      | Found a runed translucent gate.
  2839 | D:3      | Noticed a centaur
  2853 | D:3      | Killed a centaur
  2853 | D:3      | Reached XP level 6. HP: 10/30 MP: 4/12
  3183 | D:4      | Learned a level 3 spell: Spider Form
  3227 | D:4      | Learned a level 4 spell: Ice Form
  3269 | D:4      | Noticed Natasha
  3281 | D:4      | Killed Natasha
  3352 | D:4      | Noticed Natasha
  3362 | D:4      | Killed Natasha
  3444 | D:4      | Noticed Natasha
  3452 | D:4      | Killed Natasha
  3694 | D:5      | Entered Level 5 of the Dungeon
  3756 | D:5      | Reached XP level 7. HP: 33/33 MP: 11/13
  3919 | D:5      | Noticed Pikel
  3965 | D:5      | Killed Pikel
  3965 | D:5      | Reached skill level 5 in Unarmed Combat
  3965 | D:5      | Gained mutation: You have razor-sharp teeth. [Vine Stalker
                  | growth]
  3965 | D:5      | Reached XP level 8. HP: 6/37 MP: 2/15
  4313 | D:5      | Noticed Grinder
  4323 | D:5      | Paralysed by Grinder for 7 turns
  4343 | D:5      | Killed Grinder
  4577 | D:5      | Reached skill level 5 in Spellcasting
  4633 | D:5      | Noticed Eustachio
  4667 | D:5      | Killed Eustachio
  4667 | D:5      | Reached skill level 5 in Stealth
  4667 | D:5      | Reached skill level 6 in Unarmed Combat
  5042 | D:6      | Noticed Jessica
  5051 | D:6      | Found a shimmering blue altar of Sif Muna.
  5059 | D:6      | Became a worshipper of Sif Muna the Loreminder
  5068 | D:6      | Killed Jessica
  5068 | D:6      | Reached skill level 1 in Poison Magic
  5123 | D:6      | Identified the cursed +1 whip "Ydybriam" {venom, rC+ Int+3}
  5152 | D:6      | Reached XP level 9. HP: 42/42 MP: 17/17
  5171 | D:6      | Noticed a purple ugly thing
  5590 | D:7      | Learned a level 5 spell: Blade Hands
  5598 | D:7      | Found a bloodstained altar of Trog.
  5650 | D:7      | Reached * piety under Sif Muna
  5779 | D:7      | Reached skill level 7 in Unarmed Combat
  5779 | D:7      | Reached skill level 5 in Transmutations
  5894 | D:7      | Found a shadowy altar of Dithmenos.
  5957 | D:7      | Noticed a hornet
  5965 | D:7      | Killed a hornet
  6352 | D:7      | Found a hazy altar of Hepliaklqana.
  6353 | D:7      | Found a sparkling altar of Nemelex Xobeh.
  6358 | D:7      | Found an ornate altar of the Wu Jian Council.
  6673 | D:8      | Reached skill level 5 in Dodging
  6856 | D:7      | Reached skill level 8 in Unarmed Combat
  6856 | D:7      | Reached XP level 10. HP: 45/46 MP: 16/20
  6927 | D:8      | Reached ** piety under Sif Muna
  7051 | D:8      | Found the +0 sword of Power
  7095 | D:8      | Found a bloodstained altar of Trog.
  7100 | D:8      | Noticed a gargoyle
  7342 | D:8      | Noticed a centaur warrior
  7671 | D:8      | Found a snail-covered altar of Cheibriados.
  7746 | D:8      | Learned a level 3 spell: Mephitic Cloud
  7991 | D:8      | Slain by a centaur warrior

Illustrated notes

Levels and vault maps discovered:
D:1:      scummos_arrival_simple_crosswalls, layout_basic, minmay_tall_x
D:2:      layout_basic
D:3:      layout_basic, ebering_ghost_rock_garden
D:4:      layout_rooms, uniq_natasha
D:5:      layout_basic, uniq_eustachio, uniq_grinder, uniq_pikel
D:6:      layout_basic, tgw_sif, lemuel_crystal_altar,
          minmay_temple_entry_fiery, grunt_ministairs_8, minmay_manual_moon
D:7:      layout_cave_pods, nicolae_overflow_hidden_temple,
          grunt_dithmenos_smoke_and_mirrors, trog_butcher_becter
D:8:      wad_guarded_room, layout_rooms, nicolae_overflow_crystal_walls,
          overflow_temple_1_default, lemuel_mausoleum_altar_kikubaaqudgha,
          minmay_misc_feat_tower

Skill      XL: |  1  2  3  4  5  6  7  8  9 10 |
---------------+-------------------------------+-----
Dodging        | 2 3 4 5 |  5.6
Unarmed Combat | 4 5 6 8 |  8.8
Spellcasting   | 3 4 5 6 |  6.2
Fighting       | 1 2 |  2.1
Stealth        | 1 2 4 5 7 |  7.4
Transmutations | 3 4 5 |  5.7
Poison Magic   | 1 2 |  2.7
Shields        | |  0.5
Evocations     | |  0.7

Action                   |  1- 3 |  4- 6 |  7- 9 | 10-12 || total
-------------------------+-------+-------+-------+-------++-------
Melee: Unarmed           |    70 |   201 |   281 |   162 ||   714
       Bite              |    11 |    37 |    32 |    11 ||    91
       Headbutt          |     7 |    31 |    14 |     5 ||    57
       Kick              |    12 |    52 |    23 |    10 ||    97
       Punch             |     1 |     1 |     2 |     4 ||     8
 Cast: Beastly Appendage |    15 |    47 |    18 |     4 ||    84
       Wereblood         |       |     9 |     3 |       ||    12
       Spider Form       |       |       |    24 |    12 ||    36
 Abil: End Transformatio |       |       |     1 |       ||     1
Evoke: Wand              |       |       |     4 |     4 ||     8
  Use: Scroll            |       |     9 |     8 |     4 ||    21
       Potion            |       |       |     2 |       ||     2
 Stab: Sleeping          |       |     3 |     2 |     1 ||     6
Armor: Robe              |    16 |    24 |    22 |     1 ||    63
       Skin              |       |       |     8 |     1 ||     9
Dodge: Dodged            |    61 |   107 |   241 |   120 ||   529
Block: Other             |       |       |     2 |    31 ||    33
       Reflection        |       |       |       |     4 ||     4

Table legend: (Time is in decaauts)
 A = Elapsed time spent in this place.
 B = Non-inter-level travel time spent in this place.
 C = Inter-level travel time spent in this place.
 D = Time resting spent in this place.
 E = Time spent auto-exploring this place.
 F = Levels seen in this place.
 G = Mean time per level.
                   A        B        C        D        E       F      G
               +--------+--------+--------+--------+--------+-----+--------+
         Total |   7916 |   7701 |    215 |    243 |   5353 |   8 |  989.5 |
       Dungeon |   7916 |   7701 |    215 |    243 |   5353 |   8 |  989.5 |
               +--------+--------+--------+--------+--------+-----+--------+

Top non-repeatable levels by time:
     D:7: 1225 daAuts
     D:5: 1183 daAuts
     D:8: 1179 daAuts
     D:2: 1052 daAuts
     D:1: 1040 daAuts
     D:3: 964 daAuts
     D:6: 655 daAuts
     D:4: 615 daAuts
